 Dungeon Crawl Stone Soup version 0.21-a0-529-g8c7b3f5 (webtiles) character file.

343 Cricketeer the Chopper (level 6, 0/56 HPs)
             Began as a Minotaur Berserker on Dec 9, 2017.
             Was a Priest of Trog.
             Slain by WimpyRanger's ghost (2 damage)
             ... on level 4 of the Dungeon.
             The game lasted 00:05:28 (2669 turns).

Cricketeer the Chopper (Minotaur Berserker)         Turns: 2669, Time: 00:05:29

Health: 0/56       AC:  2    Str: 24    XL:     6   Next: 31%
Magic:  5/5        EV: 13    Int:  4    God:    Trog [***...]
Gold:   137        SH:  0    Dex:  9    Spells: 5/5 levels left

rFire    . . .     SeeInvis .   p - +0 long sword (elec)
rCold    . . .     Gourm    .   (no shield)
rNeg     . . .     Faith    .   b - +0 animal skin
rPois    .         Spirit   .   (helmet restricted)
rElec    .         Reflect  .   (no cloak)
rCorr    .         Harm     .   (no gloves)
MR       .....                  (no boots)
Stlth    +.........             (no amulet)
HPRegen  0.18/turn              (no ring)
MPRegen  0.09/turn              (no ring)

@: no status effects
A: retaliatory headbutt, horns 2
a: Berserk, Trog's Hand, Burn Spellbooks, Renounce Religion


You were on level 4 of the Dungeon.
You worshipped Trog.
Trog was most pleased with you.
You were not hungry.

You visited 1 branch of the dungeon, and saw 4 of its levels.

You collected 137 gold pieces.

Inventory:

Hand Weapons
 a - a +0 hand axe
 p - a +0 long sword of electrocution (weapon)
Armour
 b - a +0 animal skin (worn)
Jewellery
 n - an uncursed ring of poison resistance {unknown}
Scrolls
 e - a scroll of enchant armour {unknown}
 g - a scroll of remove curse {unknown}
 h - a scroll of identify {unknown}
 j - a scroll of immolation {unknown}
 k - 2 scrolls of teleportation {unknown}
 m - a scroll of fear {unknown}
 o - a scroll of fog {unknown}
Potions
 d - 2 potions of heal wounds {unknown}
 l - a potion of resistance {unknown}
Comestibles
 c - 2 bread rations
 f - 2 meat rations
 i - 3 royal jellies
 q - 2 chunks of flesh


   Skills:
 + Level 5.1 Fighting
 * Level 5.9 Axes
 + Level 4.2 Armour
 + Level 3.8 Dodging


You had 5 spell levels left.
You didn't know any spells.

Dungeon Overview and Level Annotations

Branches:
Dungeon (4/15)
 Temple: D:4-7

Altars:
Hepliaklqana
The Shining One

Annotations:
D:4 WimpyRanger's ghost, novice CeGl


Innate Abilities, Weirdness & Mutations

You reflexively headbutt those who attack you in melee.
You have a pair of horns on your head.


Message History

You headbutt WimpyRanger's ghost!
WimpyRanger's ghost is moderately damaged.
You closely miss WimpyRanger's ghost.
WimpyRanger's ghost is moderately damaged.
WimpyRanger's ghost hits you!
You miss WimpyRanger's ghost.
WimpyRanger's ghost is moderately damaged.
You feel sick.
You are no longer poisoned.
WimpyRanger's ghost hits you. WimpyRanger's ghost hits you!
* * * LOW HITPOINT WARNING * * *
You barely miss WimpyRanger's ghost.
WimpyRanger's ghost is moderately damaged.
WimpyRanger's ghost hits you!
* * * LOW HITPOINT WARNING * * *
You slash WimpyRanger's ghost!
Your headbutt misses WimpyRanger's ghost.
WimpyRanger's ghost is heavily damaged.
WimpyRanger's ghost hits you.
You die...

.....########.........#...##
._............###...........
.8.........#### ##..###.....
._.........# #...#.....# .
....###..###### ##.......###
#. #####
#.......#####.........###..
#.#####....##....#.##......
#.. ####.##....#.##.#..#
###. #@W........#.#.### ##
###.#####.....<... .....
#.#......#
##..#...#.#....... #..
............# #..
.##......... #.. #.........#
...........# .....###.###


You could see WimpyRanger's ghost.

Vanquished Creatures
  Sigmund (D:3)
  Jessica (D:3)
  A worker ant (D:4)
  Terence (D:3)
  An adder (D:3)
  An ooze (D:4)
  3 worms
  5 dart slugs
  2 leopard geckos
  6 orcs
  3 bats
  4 giant cockroaches
  8 goblins
  7 hobgoblins
  4 jackals (D:3)
  4 kobolds
  4 frilled lizards
  7 rats
63 creatures vanquished.

Notes
Turn   | Place    | Note
-------+----------+-------------------------------------------
     0 | D:1      | Cricketeer the Minotaur Berserker began the quest for the Orb.
     0 | D:1      | Reached XP level 1. HP: 19/19 MP: 0/0
    58 | D:1      | Reached XP level 2. HP: 18/27 MP: 1/1
   249 | D:1      | Reached XP level 3. HP: 11/33 MP: 2/2
   503 | D:1      | Reached ** piety under Trog
   906 | D:2      | Found a faded altar of an unknown god.
  1256 | D:3      | Noticed Sigmund
  1262 | D:3      | Killed Sigmund
  1262 | D:3      | Reached skill level 5 in Axes
  1262 | D:3      | Reached XP level 4. HP: 41/41 MP: 3/3
  1262 | D:3      | Reached XP level 5. HP: 47/47 MP: 4/4
  1890 | D:3      | Noticed Terence
  1905 | D:3      | Killed Terence
  1905 | D:3      | Reached skill level 5 in Fighting
  1905 | D:3      | Reached XP level 6. HP: 20/56 MP: 5/5
  1932 | D:3      | HP: 1/56 [worm (9)]
  2486 | D:3      | Noticed Jessica
  2501 | D:3      | Killed Jessica
  2501 | D:3      | Reached *** piety under Trog
  2590 | D:4      | Noticed WimpyRanger's ghost (novice CeGl)
  2627 | D:4      | Found a hazy altar of Hepliaklqana.
  2627 | D:4      | Found a glowing golden altar of the Shining One.
  2668 | D:4      | HP: 2/56 [WimpyRanger's ghost (11)]
  2669 | D:4      | Slain by WimpyRanger's ghost

Vault maps used:
D:1:      tarquinn_simple_flora_water_d
D:2:      chequers_ecumenical_altar_island
D:3:      uniq_jessica, uniq_sigmund, uniq_terence
D:4:      chequers_temple_overflow_statue_of_worship

Skill      XL: |  1  2  3  4  5 |
---------------+----------------+-----
Axes           | 4 5 |  5.9
Fighting       | 4 5 |  5.1
Armour         | 3 4 |  4.2
Dodging        | 3 |  3.8

Action                   |  1- 3 |  4- 6 || total
-------------------------+-------+-------++-------
Melee: Hand axe          |    65 |    34 ||    99
       Headbutt          |    10 |     8 ||    18
       Long sword        |       |    22 ||    22
Invok: Berserk           |     1 |       ||     1
 Stab: Distracted        |       |     1 ||     1
  Eat: Chunk             |     1 |     2 ||     3
       Meat ration       |       |     1 ||     1
Armor: Animal skin       |     9 |     4 ||    13
Dodge: Dodged            |    51 |    31 ||    82
       Rpst.: Long sword |       |     6 ||     6

Table legend:
 A = Spawn XP
 B = Non-spawn XP
 C = Spawn XP percentage of total XP
 D = Spawn monster count
 E = Non-spawn monster count
 F = Spawn count percentage of total count
 G = Total turns spent on level
                    A         B        C        D         E        F      G
               +---------+---------+-------+---------+---------+-------+---------
         Total |       0 |     490 |   0.0 |       0 |      63 |   0.0 |  2669
               +---------+---------+-------+---------+---------+-------+---------
           D:1 |       0 |      52 |   0.0 |       0 |      26 |   0.0 |   696
           D:2 |       0 |      28 |   0.0 |       0 |      13 |   0.0 |   500
           D:3 |       0 |     364 |   0.0 |       0 |      21 |   0.0 |  1392
           D:4 |       0 |      46 |   0.0 |       0 |       3 |   0.0 |    81
               +---------+---------+-------+---------+---------+-------+---------
